 Dungeon Crawl Stone Soup version 0.20.1-1-g8b1a95d (webtiles) character file.

8557 Gaplan the Cleaver (level 11, -4/97 HPs)
             Began as a Minotaur Berserker on July 15, 2017.
             Was a High Priest of Trog.
             Slain by an orc warrior
             ... wielding a +0 mace
              (15 damage)
             ... on level 10 of the Dungeon.
             The game lasted 00:31:19 (11128 turns).

Gaplan the Cleaver (Minotaur Berserker)            Turns: 11128, Time: 00:31:20

Health: -4/97      AC:  9    Str: 23    XL:     11   Next: 11%
Magic:  10/10      EV: 13    Int:  4    God:    Trog [*****.]
Gold:   344        SH:  0    Dex: 12    Spells: 10/10 levels left

rFire    + + .     SeeInvis .   t - +3 mace (freeze)
rCold    + . .     Gourm    .   (no shield)
rNeg     . . .     Faith    .   Q - +1 scale mail {rC+}
rPois    .         Spirit   .   (helmet restricted)
rElec    .         Reflect  .   R - scarf {rC+ rF+}
rCorr    .         Harm     .   (no gloves)
MR       +....                  (no boots)
Stlth    ..........             (no amulet)
Regen    0.3/turn               p - ring of protection from magic
MPRegen  0.2/turn               x - ring of fire

@: berserk cooldown, slowed, very slow
A: retaliatory headbutt, horns 2, mutation resistance 1, wild magic 1
a: Berserk, Trog's Hand, Brothers in Arms, Burn Spellbooks, Renounce Religion


You were on level 10 of the Dungeon.
You worshipped Trog.
Trog was extremely pleased with you.
You were near starving.

You visited 2 branches of the dungeon, and saw 11 of its levels.

You collected 536 gold pieces.
You spent 192 gold pieces at shops.

Inventory:

Hand Weapons
 a - a +0 hand axe
 t - a +3 mace of freezing (weapon)
 T - a +1 bardiche of freezing
Armour
 b - a +0 animal skin
 d - a +0 cloak
 y - the cursed +0 ring mail of Otses {rF+}
   (You found it on level 5 of the Dungeon)

   It protects you from fire.
   It has a curse placed upon it.
 A - a +0 chain mail
 E - the cursed +0 pair of boots "Jillaw" {Str+3}
   (You found it on level 6 of the Dungeon)

   It affects your strength (+3).
   It has a curse placed upon it.
 Q - a +1 scale mail of cold resistance (worn)
 R - a scarf of resistance (worn)
 V - a +0 shield
Jewellery
 p - a ring of protection from magic (left hand)
 x - a ring of fire (right hand)
 B - a +1 ring of slaying {unknown}
 C - an uncursed ring of fire
 H - a cursed ring of teleportation {unknown}
 M - an uncursed ring of see invisible {unknown}
 N - a +5 ring of dexterity {unknown}
 W - a cursed ring of teleportation {unknown}
 Z - an uncursed ring of positive energy {unknown}
Wands
 o - a wand of acid (7/15)
 D - a wand of disintegration (20/24)
 K - a wand of lightning (6/15)
 X - a wand of confusion (26/48)
 Y - a wand of enslavement (10/24)
Scrolls
 f - 2 scrolls of recharging
 h - 2 scrolls of identify
 i - 8 scrolls of remove curse
 j - 2 scrolls of enchant armour
 k - 2 scrolls of noise
 q - 4 scrolls of magic mapping
 u - 2 scrolls of blinking
 w - 3 scrolls of teleportation
 I - a scroll of fog {unknown}
 J - a scroll of vulnerability {unknown}
 U - a scroll of amnesia {unknown}
Potions
 e - a potion of degeneration
 g - 2 potions of heal wounds {unknown}
 l - a potion of mutation
 m - a potion of ambrosia {unknown}
 n - a potion of lignification
 s - 2 potions of curing
 z - a potion of invisibility
 F - a potion of cancellation {unknown}
 O - 3 potions of might {unknown}
Books
 G - a book of Cantrips

   Spells                             Type                      Level
   a - Confusing Touch                Hexes                        1
   b - Animate Skeleton               Necromancy                   1
   c - Summon Small Mammal            Summoning                    1
   d - Apportation                    Translocation                1
   Trog disapproves of the use of such an item.
 P - a book of Geomancy

   Spells                             Type                      Level
   a - Sandblast                      Earth                        1
   b - Passwall                       Transmutation/Earth          2
   c - Stone Arrow                    Conjuration/Earth            3
   d - Petrify                        Transmutation/Earth          4
   e - Lee's Rapid Deconstruction     Earth                        5
   Trog disapproves of the use of such an item.
Comestibles
 c - 7 bread rations
 r - 11 meat rations
 v - 3 fruits
 S - 2 royal jellies


   Skills:
 + Level 9.2 Fighting
 - Level 14.5(14.8) Axes
 + Level 4.3(10.6) Maces & Flails
 - Level 1.4(9.8) Polearms
 + Level 9.0 Armour
 + Level 5.7 Dodging
 - Level 1.1 Stealth


You had 10 spell levels left.
You didn't know any spells.

Dungeon Overview and Level Annotations

Branches:
Dungeon (10/15)            Temple (0/1) D:6            Lair (0/6) D:9
    Orc (1/2) D:10

Altars:
Ashenzari
Gozag
Hepliaklqana
Kikubaaqudgha
Nemelex Xobeh
Okawaru
Yredelemnul

Shops:
D:5 [   D:8 *   D:10 *


Innate Abilities, Weirdness & Mutations

You reflexively headbutt those who attack you in melee.
You have a pair of horns on your head.
You are somewhat resistant to further mutation.
Your spells are a little harder to cast, but a little more powerful.


Message History

The orc warrior is moderately wounded.
You feel sick. The orc warrior barely misses you.
The orc warrior completely misses you.
You feel sick.
There is a staircase back to the Dungeon, spattered with blood here.
You feel sick.
The orc warrior hits you from afar with a trident of venom!
* * * LOW HITPOINT WARNING * * *
You are more poisoned.
The orc warrior hits you with a mace!
* * * LOW HITPOINT WARNING * * *
The orc warrior hits you from afar with a trident of venom.
* * * LOW HITPOINT WARNING * * *
You are more poisoned.
You climb upwards.
Welcome back to the Dungeon!
* * * LOW HITPOINT WARNING * * *
You feel extremely sick.
There is a staircase to the Orcish Mines here.
You feel better. The orc warrior hits you with a mace!
You die...

#..#8.∩.8# #..# #..# #
####....⌠.⌠.#########..####..####
.......8.8.8.....................
.................................
.........................######..
......................>..# #..
.........................# #..
.........................# #..
...............o@........# #..
.........................# #..
...>.....................# #..
............[............######..
............[[...######).........
.................# #..........
.................# #..######..
.................# #..# #..
.................# #..# #..


You could see an orc warrior.

Vanquished Creatures
  3 two-headed ogres (D:8)
  Pikel (D:6)
  2 centaur skeletons
  A troll (Orc:1)
  A hornet (D:9)
  A hippogriff (D:10)
  A vampire (D:10)
  A wyvern (D:8)
  A water moccasin (D:7)
  3 ice beasts
  6 orc warriors
  A sky beast (D:8)
  An eye of draining (D:9)
  A necrophage (D:7)
  3 ogres (D:7)
  A phantom (D:6)
  4 centaurs
  9 bullfrogs
  A wyvern zombie (D:9)
  A gnoll sergeant (D:6)
  A wyvern skeleton (D:9)
  A scorpion (D:8)
  3 wights (D:8)
  5 killer bees (D:8)
  2 vampire bats (D:4)
  4 howler monkeys (D:7)
  2 crimson imps (D:6)
  3 bullfrog skeletons
  2 centaur zombies
  A gnoll shaman (Orc:1)
  17 orc wizards
  2 jellies
  9 orc priests
  4 hounds
  An iguana (D:8)
  Terence (D:2)
  7 worker ants
  A hound zombie (D:5)
  A hound skeleton (D:7)
  A howler monkey zombie (D:7)
  2 worker ant zombies (D:5)
  9 gnolls
  11 adders
  A shadow imp (D:5)
  An adder skeleton (D:4)
  3 worms
  3 dart slugs
  2 leopard geckos
  33 orcs
  A ball python (D:2)
  6 bats
  4 bat skeletons (D:4)
  2 bat zombies (D:4)
  10 giant cockroaches
  9 goblins
  7 hobgoblins
  2 jackals (D:1)
  5 quokkas
  3 frilled lizards
  A jackal zombie (D:5)
  2 kobolds (D:2)
  2 leopard gecko zombies (D:5)
  2 quokka zombies (D:5)
  7 rats
239 creatures vanquished.

Vanquished Creatures (collateral kills)
  An orc warrior (D:8)
1 creature vanquished.

Vanquished Creatures (others)
  An orc wizard (D:9)
1 creature vanquished.

Grand Total: 241 creatures vanquished

Notes
Turn   | Place    | Note
-------+----------+-------------------------------------------
     0 | D:1      | Gaplan the Minotaur Berserker began the quest for the Orb.
     0 | D:1      | Reached XP level 1. HP: 19/19 MP: 0/0
    83 | D:1      | Reached XP level 2. HP: 20/27 MP: 1/1
   497 | D:1      | Reached skill level 4 in Axes
   542 | D:1      | Found a sparkling altar of Nemelex Xobeh.
   679 | D:2      | Reached XP level 3. HP: 24/33 MP: 2/2
   704 | D:2      | Noticed Terence
   713 | D:2      | Killed Terence
   713 | D:2      | Reached ** piety under Trog
   982 | D:2      | Reached XP level 4. HP: 41/41 MP: 3/3
  1565 | D:2      | Reached skill level 5 in Axes
  1587 | D:2      | Reached skill level 5 in Fighting
  1752 | D:3      | Noticed a bullfrog
  1758 | D:3      | Killed a bullfrog
  1758 | D:3      | Reached XP level 5. HP: 48/48 MP: 4/4
  1863 | D:3      | Reached skill level 1 in Stealth
  2107 | D:3      | Reached *** piety under Trog
  2164 | D:3      | Found a hazy altar of Hepliaklqana.
  2278 | D:3      | Reached XP level 6. HP: 22/56 MP: 5/5
  2280 | D:3      | Reached skill level 6 in Axes
  2899 | D:4      | Found an ancient bone altar of Kikubaaqudgha.
  3637 | D:5      | Entered Level 5 of the Dungeon
  3681 | D:5      | Noticed an ice beast
  3685 | D:5      | Killed an ice beast
  3685 | D:5      | Reached skill level 7 in Axes
  3733 | D:5      | Got a translucent ring mail
  3738 | D:5      | Gained mutation: Your spells are a little harder to cast, but a little more powerful. [potion of mutation]
  3738 | D:5      | Gained mutation: You are somewhat resistant to further mutation. [potion of mutation]
  3752 | D:5      | Got a dazzling falchion
  3754 | D:5      | Identified the cursed +0 ring mail of Otses {rF+} (You found it on level 5 of the Dungeon)
  3794 | D:5      | Reached XP level 7. HP: 61/61 MP: 6/6
  4086 | D:5      | Found Deroyklym's Antique Armour Shop.
  4689 | D:5      | Reached skill level 8 in Axes
  5060 | D:6      | Got a pair of fine boots
  5064 | D:6      | Identified the cursed +0 pair of boots "Jillaw" {Str+3} (You found it on level 6 of the Dungeon)
  5069 | D:6      | Found a staircase to the Ecumenical Temple.
  5258 | D:6      | Reached XP level 8. HP: 30/71 MP: 7/7
  5507 | D:6      | Reached skill level 9 in Axes
  5573 | D:6      | Reached **** piety under Trog
  5790 | D:6      | Noticed Pikel
  5796 | D:6      | Killed Pikel
  5796 | D:6      | Reached skill level 10 in Axes
  5796 | D:6      | Reached skill level 5 in Dodging
  6056 | D:7      | Reached skill level 11 in Axes
  6056 | D:7      | Reached XP level 9. HP: 79/79 MP: 8/8
  6102 | D:7      | Reached skill level 5 in Armour
  6478 | D:7      | Reached skill level 12 in Axes
  7022 | D:8      | Found Sacwiaxuu's General Store.
  7040 | D:8      | Bought a +1 scale mail of cold resistance for 176 gold pieces
  7040 | D:8      | Bought a fruit for 16 gold pieces
  7078 | D:8      | Reached skill level 13 in Axes
  7439 | D:8      | Noticed a two-headed ogre
  7445 | D:8      | Killed a two-headed ogre
  7445 | D:8      | Reached XP level 10. HP: 88/88 MP: 9/9
  7731 | D:8      | Noticed a two-headed ogre
  7740 | D:8      | Killed a two-headed ogre
  7740 | D:8      | Reached skill level 14 in Axes
  7786 | D:8      | Noticed a two-headed ogre
  7794 | D:8      | Killed a two-headed ogre
  7794 | D:8      | Reached skill level 1 in Polearms
  8958 | D:9      | Found an opulent altar of Gozag.
  8958 | D:9      | Found a shattered altar of Ashenzari.
  8970 | D:9      | Reached skill level 1 in Maces & Flails
  9101 | D:9      | Reached ***** piety under Trog
  9177 | D:9      | Found a basalt altar of Yredelemnul.
  9282 | D:9      | Found a staircase to the Lair.
  9332 | D:9      | Paralysed by a hornet for 1 turns
  9636 | D:9      | Found an iron altar of Okawaru.
  9997 | D:10     | Entered Level 10 of the Dungeon
 10363 | D:10     | Found a staircase to the Orcish Mines.
 10376 | D:10     | Found Valafywn's General Store.
 10455 | D:10     | Reached XP level 11. HP: 97/97 MP: 10/10
 10894 | Orc:1    | Entered Level 1 of the Orcish Mines
 11111 | Orc:1    | Noticed a two-headed ogre
 11128 | D:10     | Slain by an orc warrior

Skill      XL: |  1  2  3  4  5  6  7  8  9 10 11 |
---------------+----------------------------------+-----
Fighting       | 4 5 6 7 8 9 |  9.2
Axes           | 4 5 7 8 11 13 14 | 14.5
Dodging        | 3 4 5 |  5.7
Stealth        | 1 |  1.1
Armour         | 3 4 6 8 9 |  9.0
Polearms       | 1 |  1.4
Maces & Flails | 3 4 |  4.3

Action                   |  1- 3 |  4- 6 |  7- 9 | 10-12 || total
-------------------------+-------+-------+-------+-------++-------
Melee: Hand axe          |    49 |   107 |   282 |    59 ||   497
       Headbutt          |     8 |    24 |    67 |    58 ||   157
       Mace              |       |       |       |   168 ||   168
       Bardiche          |       |       |       |     5 ||     5
Invok: Berserk           |     1 |     4 |     6 |     9 ||    20
       Burn Spellbooks   |       |     1 |       |       ||     1
       Trog's Hand       |       |     1 |       |       ||     1
       Brothers in Arms  |       |       |     1 |       ||     1
  Use: Scroll            |       |    10 |     3 |     1 ||    14
       Potion            |       |     5 |     1 |     1 ||     7
 Stab: Sleeping          |       |     2 |       |       ||     2
  Eat: Chunk             |     1 |     8 |    14 |    19 ||    42
       Meat ration       |       |     1 |       |       ||     1
       Royal jelly       |       |     1 |       |       ||     1
Armor: Animal skin       |    12 |    23 |    10 |       ||    45
       Skin              |       |    70 |       |       ||    70
       Chain mail        |       |       |    71 |       ||    71
       Scale mail        |       |       |    13 |    83 ||    96
Dodge: Dodged            |    31 |   101 |   120 |   127 ||   379
